 Dungeon Crawl Stone Soup version 0.26-a0-664-gc8b27b8fc1 (webtiles) character file.

Game seed: 10924638377721615465

226 PentaManta the Ducker (level 5, -6/27 HPs)
             Began as a Spriggan Abyssal Knight on Oct 12, 2020.
             Was a Priest of Lugonu.
             Mangled by an ogre
             ... wielding a +0 giant spiked club
              (25 damage)
             ... on level 4 of the Dungeon.
             The game lasted 00:08:15 (4458 turns).

PentaManta the Ducker (Spriggan Abyssal Knight)     Turns: 4458, Time: 00:08:15

Health: -6/27      AC:  4    Str:  8    XL:     5   Next: 69%
Magic:  7/7        EV: 21    Int: 14    God:    Lugonu [***...]
Gold:   269        SH:  0    Dex: 16    Spells: 4/4 levels left

rFire    . . .     SeeInvis +   a - +1 short sword
rCold    . . .     Faith    .   (shield restricted)
rNeg     + . .     Spirit   .   u - +2 robe {rN+}
rPois    .         Reflect  .   (helmet restricted)
rElec    .         Harm     .   (no cloak)
rCorr    .         Rampage  .   (gloves unavailable)
MR       .....                  (boots unavailable)
Stlth    +++.......             (no amulet)
HPRegen  0.09/turn              (no ring)
MPRegen  0.10/turn              (no ring)

@: very quick
A: very small, unfitting armour, see invisible, speed 3
a: Depart the Abyss, Bend Space, Banish, Renounce Religion


You were on level 4 of the Dungeon.
You worshipped Lugonu.
Lugonu was most pleased with you.
You visited 1 branch of the dungeon, and saw 4 of its levels.
You visited the Abyss 1 time.

You collected 269 gold pieces.

Inventory:

Hand Weapons
 a - a +1 short sword (weapon)
 j - a +0 rapier
 m - a +0 dagger
 o - a +0 hunting sling
 s - a +1 whip of freezing
Missiles
 p - 59 stones (quivered)
Armour
 u - a +2 robe of positive energy (worn)
Jewellery
 n - an uncursed ring of protection from cold
Wands
 c - a wand of paralysis (7)
Scrolls
 d - a scroll of enchant armour
 e - 2 scrolls of amnesia
 h - a scroll of fear
 l - 3 scrolls of remove curse
Potions
 b - a potion of stabbing {unknown}
 g - a potion of mutation
 i - a potion of lignification
 k - 6 potions of curing {unknown}


   Skills:
 - Level 2.4 Fighting
 + Level 4.2 Short Blades
 + Level 5.8 Dodging
 + Level 5.0 Stealth
 + Level 1.7 Invocations


You had 4 spell levels left.
You didn't know any spells.
Your spell library was empty.

Dungeon Overview and Level Annotations

Branches:
Dungeon (4/15)
 Temple: D:4-7

Altars:
Elyvilon
Qazlal
Sif Muna
Trog

Annotations:
D:3 2 transporters


Innate Abilities, Weirdness & Mutations

You are very small and have problems with some larger weapons.
You are too small for most types of armour.
You have supernaturally acute eyesight. (SInv)
You cover ground extremely quickly.


Message History

The ogre is moderately wounded.
The ogre misses you.
You hit the ogre but do no damage.
The ogre is moderately wounded.
The ogre barely misses you.
You hit the ogre.
The ogre is heavily wounded.
You barely miss the ogre.
The ogre is heavily wounded.
The ogre misses you.
You hit the ogre.
The ogre is severely wounded.
The ogre misses you.
You hit the ogre.
The ogre is severely wounded.
You barely miss the ogre.
The ogre is severely wounded.
The ogre hits you with a +0 giant spiked club!!
Ouch! That really hurt!
You die...

#####..#..## ###
##......#...## ##.#
#............# ##..##
#..........#.# #..<.###
#.................
#...##.###.................
##...#..##.................
#.#(...#....#.............
#..#....>O@.....#..........
#..#............#....#..#..
#..#.................#.....
...#..........#...
#...#.#........#.#.
#.#..........#
..............
#..............


You could see an ogre.

Vanquished Creatures
  Ijyb (D:3)
  An orc wizard (D:3)
  A hound skeleton (D:4)
  A gnoll (D:1)
  6 adders
  An ooze (D:3)
  A worm (D:2)
  A dart slug (D:3)
  4 leopard geckos
  9 orcs (D:3)
  2 ball pythons
  2 giant cockroaches (D:1)
  7 goblins
  11 hobgoblins
  4 jackals (D:2)
  A kobold (D:2)
  4 quokkas
  8 bats
  10 frilled lizards
  3 rats
78 creatures vanquished.

Notes
Turn   | Place    | Note
-------+----------+-------------------------------------------
     0 | Abyss:1  | PentaManta the Spriggan Abyssal Knight began the quest for
                  | the Orb.
     0 | Abyss:1  | Reached XP level 1. HP: 11/11 MP: 3/3
    49 | Abyss:1  | Noticed a thrashing horror
    90 | Abyss:2  | Got a ripped robe
    96 | Abyss:2  | Noticed a starcursed mass
   105 | Abyss:2  | Noticed a starcursed mass
   107 | D:1      | Escaped the Abyss
   113 | D:1      | Identified the +1 robe of Duck's Teeth {rN+} (You found it
                  | on level 2 of the Abyss)
   306 | D:1      | Reached skill level 1 in Stealth
   411 | D:1      | Reached * piety under Lugonu
   534 | D:1      | Reached XP level 2. HP: 15/16 MP: 4/4
   960 | D:1      | Reached XP level 3. HP: 15/19 MP: 5/5
  2126 | D:2      | Reached XP level 4. HP: 23/23 MP: 6/6
  2128 | D:2      | Reached ** piety under Lugonu
  2131 | D:2      | Found a bloodstained altar of Trog.
  2791 | D:2      | Found a shimmering blue altar of Sif Muna.
  3072 | D:4      | Reached skill level 5 in Dodging
  3495 | D:3      | Reached XP level 5. HP: 24/27 MP: 7/7
  3550 | D:3      | Noticed Ijyb
  3609 | D:3      | Killed Ijyb
  3677 | D:3      | Found a transporter.
  3679 | D:3      | Noticed a sky beast
  3679 | D:3      | Noticed an ogre
  3681 | D:3      | Found a stormy altar of Qazlal.
  3681 | D:3      | Found a transporter.
  3682 | D:3      | Noticed a phantom
  3752 | D:3      | Found a white marble altar of Elyvilon.
  3873 | D:3      | Reached *** piety under Lugonu
  4313 | D:4      | Noticed an ogre
  4356 | D:3      | Reached skill level 5 in Stealth
  4458 | D:4      | Mangled by an ogre

Illustrated notes

Levels and vault maps discovered:
D:1:      minmay_arrival_split_and_join, layout_basic, minmay_lizard_pond
D:2:      layout_loops_ring, lemuel_coloured_pillars_altar, lemuel_doored_altar,
          minmay_close_crescents
D:3:      minmay_evil_eye, layout_loops_cross, gammafunk_temple_overflow_arena,
          lemuel_crystal_altar, uniq_ijyb
D:4:      layout_cave_pools

Skill      XL: |  1  2  3  4  5 |
---------------+----------------+-----
Stealth        | 1 2 3 4 5 |  5.0
Dodging        | 4 5 |  5.8
Short Blades   | 3 4 |  4.2
Fighting       | |  2.4
Invocations    | |  1.7

Action                   |  1- 3 |  4- 6 || total
-------------------------+-------+-------++-------
Melee: Short sword       |    95 |   294 ||   389
Throw: Stone             |       |     4 ||     4
Invok: Depart the Abyss  |     1 |       ||     1
Evoke: Wand              |       |     1 ||     1
  Use: Scroll            |       |    12 ||    12
 Stab: Sleeping          |     3 |    10 ||    13
Armor: Robe              |     9 |    28 ||    37
Dodge: Dodged            |    66 |   213 ||   279

Table legend: (Time is in decaauts)
 A = Elapsed time spent in this place.
 B = Non-inter-level travel time spent in this place.
 C = Inter-level travel time spent in this place.
 D = Time resting spent in this place.
 E = Time spent auto-exploring this place.
 F = Levels seen in this place.
 G = Mean time per level.
                   A        B        C        D        E       F      G
               +--------+--------+--------+--------+--------+-----+--------+
         Total |   3451 |   3373 |     78 |    359 |   2298 |   6 |  575.2 |
       Dungeon |   3375 |   3297 |     78 |    351 |   2298 |   4 |  843.8 |
         Abyss |     75 |     75 |      0 |      8 |      0 |   2 |   37.5 |
               +--------+--------+--------+--------+--------+-----+--------+

Top non-repeatable levels by time:
     D:3: 1187 daAuts
     D:2: 1080 daAuts
     D:1: 1007 daAuts
     D:4: 100 daAuts
 Abyss:2: 37 daAuts
 Abyss:1: 37 daAuts
